AoeStats
← Jairzin

Black Forest

509630172Analyzed
4v4 RM · 4d ago on Sep 27, 2026· 46m 32s· 8 players
Game mode
Random Map
Map size
Large (8 player)
Population
200
Speed
Normal
Resources
Standard
Victory
Conquest
Starting age
Dark Age
Ending age
Imperial Age
RankedLock teamsTeams togetherTeam positionsShared explorationLock speedFull tech treeHidden civsTurbo modeCheats
Victory
Defeat
🇫🇷 Bengalis · France
1016
+16
🇨🇦 Saxons · Canada
1003
+16
🇫🇷 Georgians · France
988
+17
🇺🇸 Saracens · United States
988
+17
🇧🇷 Aztecs · Brazil
1047
-19
🇹🇷 Celts · Türkiye
1031
-17
🇬🇷 Franks · Greece
999
-16
🇨🇳 Maya · China
960
-35
Elite Seraphim
0:27 Loom
13:41 Feudal Age
17:40 Castle Age
15:33 Double-Bit Axe
16:27 Wheelbarrow
15:58 Horse Collar
17:06 Stone Mining
17:10 Gold Mining
18:49 Scale Mail Armor
18:59 Forging
19:29 Bow Saw
21:20 Arson
25:27 Hand Cart
26:24 Squires
26:42 Chain Mail Armor
27:25 Town Watch
27:50 Heavy Plow
29:16 Iron Casting
29:38 Town Patrol
32:09 Gold Shaft Mining
33:26 Padded Archer Armor
33:17 Fletching
34:51 Leather Archer Armor
34:32 Bodkin Arrow
39:09 Imperial Age
39:30 Ballistics
39:18 Thumb Ring
39:23 Heavy Mounted Crossbowman
40:06 Bracer
41:28 Conscription
43:29 Chemistry
43:21 Ring Archer Armor
44:43 Plate Mail Armor
44:22 Elite Hearth Troop
RedEyeJedi4918
2:08 Loom
12:48 Feudal Age
17:24 Castle Age
15:27 Double-Bit Axe
15:24 Horse Collar
15:44 Stone Mining
15:45 Gold Mining
21:20 Bow Saw
21:26 Heavy Plow
28:05 Wheelbarrow
32:51 Imperial Age
30:39 Hand Cart
30:38 Scale Barding Armor
30:56 Forging
31:46 Caravan
32:23 Chain Barding Armor
32:44 Iron Casting
32:33 Ballistics
32:29 Husbandry
32:39 Bloodlines
33:06 Elite Mameluke
34:08 Conscription
34:56 Plate Barding Armor
35:34 Chemistry
35:40 Blast Furnace
The punisher 69
2:21 Loom
13:17 Feudal Age
13:59 Double-Bit Axe
15:44 Gold Mining
15:37 Horse Collar
17:11 Town Watch
18:02 Wheelbarrow
22:50 Castle Age
21:14 Stone Mining
21:18 Fletching
21:35 Padded Archer Armor
26:19 Gold Shaft Mining
25:58 Bow Saw
25:52 Heavy Plow
28:02 Ballistics
31:11 Imperial Age
31:15 Bodkin Arrow
31:45 Bloodlines
32:22 Leather Archer Armor
33:53 Conscription
34:26 Bracer
34:57 Ring Archer Armor
34:02 Elite Skirmisher
35:56 Hand Cart
37:31 Chemistry
36:42 Husbandry
36:52 Paiks
37:09 Mahayana
37:40 Caravan
39:22 Murder Holes
40:16 Elite Elephant Archer
alabataille
0:33 Loom
12:17 Feudal Age
14:09 Double-Bit Axe
18:37 Castle Age
18:14 Horse Collar
18:53 Stone Mining
18:59 Gold Mining
20:08 Bow Saw
26:07 Wheelbarrow
30:06 Imperial Age
30:45 Svan Towers
30:34 Fletching
30:51 Scale Barding Armor
30:57 Forging
31:36 Bodkin Arrow
32:39 Guard Tower
33:51 Chemistry
33:51 Bracer
35:04 Chain Barding Armor
35:39 Arrowslits
36:30 Keep
36:46 Murder Holes
37:15 Ballistics
37:06 Masonry
38:30 Plate Barding Armor
38:31 Iron Casting
38:11 Bloodlines
38:04 Husbandry
37:25 Light Cavalry
38:59 Conscription
39:26 Caravan
39:36 Heavy Plow
40:34 Aznauri Cavalry
45:02 Blast Furnace
morignor13
12:07 Feudal Age
20:33 Castle Age
19:26 Gold Mining
20:18 Double-Bit Axe
23:39 Husbandry
27:31 Scale Barding Armor
27:37 Forging
27:19 Fletching
28:29 Stone Mining
29:15 Bow Saw
29:44 Wheelbarrow
28:55 Town Watch
35:27 Imperial Age
36:21 Ballistics
35:57 Murder Holes
36:20 Padded Archer Armor
36:15 Bodkin Arrow
36:55 Iron Casting
36:42 Chain Barding Armor
35:54 Crossbowman
36:03 Cavalier
37:19 Leather Archer Armor
37:53 Elite Skirmisher
44:23 Masonry
44:24 Fortified Wall
499557901
11:55 Feudal Age
12:41 Double-Bit Axe
14:25 Loom
20:28 Castle Age
21:28 Fletching
23:34 Thumb Ring
30:14 Stone Mining
37:50 Crossbowman
Be_Kes_O
0:39 Loom
11:37 Feudal Age
13:16 Double-Bit Axe
17:29 Horse Collar
20:42 Castle Age
21:39 Heavy Plow
24:24 Bow Saw
32:31 Imperial Age
32:00 Scale Mail Armor
32:37 Forging
33:28 Chain Mail Armor
35:05 Iron Casting
35:04 Plate Mail Armor
35:21 Conscription
36:03 Siege Engineers
36:09 Masonry
35:51 Town Watch
36:41 Wheelbarrow
38:05 Blast Furnace
38:12 Onager
Jairzin
13:32 Feudal Age
14:59 Double-Bit Axe
18:43 Castle Age
16:53 Stone Mining
16:48 Horse Collar
20:09 Bow Saw
20:03 Heavy Plow
24:42 Stone Shaft Mining
26:36 Gold Mining
29:31 Loom
32:00 Wheelbarrow
31:32 Fletching
35:30 Imperial Age
33:38 Forging
35:08 Iron Casting
34:34 Scale Mail Armor
34:30 Bodkin Arrow
36:17 Chain Mail Armor
36:06 Squires
35:53 Arson
36:01 Heated Shot
36:32 Ballistics
36:42 Conscription
35:52 Elite Jaguar Warrior
37:18 Garland Wars
38:07 Blast Furnace
37:47 Plate Mail Armor
37:49 Siege Engineers
38:19 Arrowslits
Connection lost

Rejoining the realm…

Still unreachable

The connection could not be restored.

Session expired

The server has moved on; the page needs a fresh start.